 Dungeon Crawl Stone Soup version 0.18.1-8-gdd0e5ea (webtiles) character file.

59 Denchik the Sneak (level 4, 27/27 HPs)
             Began as a Kobold Assassin on May 27, 2016.
             Got out of the dungeon alive.
             The game lasted 00:05:49 (2125 turns).

Denchik the Sneak (Kobold Assassin)                 Turns: 2125, Time: 00:05:50

Health: 27/27      AC:  3    Str:  9    XL:     4   Next: 22%
Magic:  4/4        EV: 15    Int:  9    God:
Gold:   92         SH:  0    Dex: 18    Spells: 0 memorised, 3 levels left

rFire  . . .     SeeInvis .     a - +2 dagger
rCold  . . .     Gourm    .     c - +0 robe
rNeg   . . .     Faith    .     (shield restricted)
rPois  .         Spirit   .     (no helmet)
rElec  .         Dismiss  .     d - +0 cloak
rCorr  .         Reflect  .     (no gloves)
SustAt .         Harm     .     (no boots)
MR     .....                    (no amulet)
Stlth  ++++......               (no ring)
                                (no ring)

@: not resistant to hostile enchantments, stealthy
A: carnivore 3
a: no special abilities


You escaped.
You were very full.

You visited 1 branch of the dungeon, and saw 2 of its levels.

You collected 92 gold pieces.

Inventory:

Hand Weapons
 a - a +2 dagger (weapon)
 b - a +0 blowgun
Missiles
 e - 8 poisoned needles
 f - 2 curare-tipped needles
Armour
 c - a +0 robe (worn)
 d - a +0 cloak (worn)
Jewellery
 q - an uncursed ring of wizardry {unknown}
Scrolls
 h - 2 scrolls of teleportation {unknown}
 j - 4 scrolls of identify {unknown}
 l - a scroll of enchant weapon {unknown}
 m - a scroll of fear {unknown}
Potions
 i - 3 potions of curing {unknown}
 k - a potion of haste {unknown}
 n - a potion of might {unknown}
 p - a potion of heal wounds {unknown}
Comestibles
 g - 2 meat rations
 o - 2 beef jerkies


   Skills:
 + Level 2.8 Fighting
 + Level 3.1 Short Blades
 - Level 2.1 Throwing
 + Level 1.7 Dodging
 + Level 6.7 Stealth


You had 3 spell levels left.
You didn't know any spells.

Dungeon Overview and Level Annotations

Branches:
Dungeon (2/15)

Altars:
Fedhas
Okawaru
Zin


Innate Abilities, Weirdness & Mutations

You are small and have problems with some larger weapons.
You are carnivorous and can eat meat at any time.


Message History

The quokka is almost dead.
The quokka closely misses you.
You hit the quokka but do no damage.
The quokka is almost dead.
The quokka bites you but does no damage.
You hit the quokka.
You kill the quokka!
You see here a quokka corpse.
You open the door.
There is an open door here.
There is an open door here.
Done exploring.
Done exploring.
Done exploring.
There is an escape hatch in the ceiling here.
A mysterious force pulls you upwards. The hatch slams shut behind you.
You see here 3 stones.
There is a staircase leading out of the dungeon here.
Are you sure you want to leave the Dungeon?
This will make you lose the game!
You have escaped!

##### # #...####### # #.........#
###...#####.# ......# #.# ####..#
#.# ##### # #..### #####...#### #
##....####.........############
##...#.........@................
##.....#####.........####.#######
...........####...#######.#
##.....####...#####.......#######
###...##..........##########....>
..######.##.............# #.#.##
#.#............##.#####.# #.#.#
#.#.####.##....#.#.####.####.#.#
#....###.####...###..........#.#


There were no monsters in sight!

Vanquished Creatures
  3 adders (D:2)
  4 bats
  2 giant cockroaches (D:1)
  2 hobgoblins (D:2)
  2 jackals (D:2)
  7 kobolds
  2 quokkas (D:2)
  2 giant newts (D:2)
  3 goblins (D:2)
  3 rats (D:1)
30 creatures vanquished.

Notes
Turn   | Place    | Note
--------------------------------------------------------------
     0 | D:1      | Denchik the Kobold Assassin began the quest for the Orb.
     0 | D:1      | Reached XP level 1. HP: 12/12 MP: 1/1
   314 | D:1      | Reached XP level 2. HP: 15/18 MP: 2/2
   658 | D:2      | Reached XP level 3. HP: 17/22 MP: 3/3
   696 | D:2      | Reached skill level 6 in Stealth
  1266 | D:2      | Found a glowing silver altar of Zin.
  1597 | D:2      | Reached XP level 4. HP: 27/27 MP: 4/4
  1784 | D:2      | Found a blossoming altar of Fedhas.
  1870 | D:2      | Found an iron altar of Okawaru.
  2125 | D:$      | Got out of the dungeon alive.

Skill      XL: |  1  2  3 |
---------------+----------+-----
Short Blades   | 3 |  3.1
Stealth        | 6 |  6.7
Fighting       | |  2.8
Throwing       | |  2.1
Dodging        | |  1.7

Action                   |  1- 3 |  4- 6 || total
-------------------------+-------+-------++-------
Melee: Dagger            |    64 |    22 ||    86
 Stab: Sleeping          |     1 |     1 ||     2
  Eat: Chunk             |     7 |     4 ||    11
Armor: Robe              |    10 |     4 ||    14
Dodge: Dodged            |    47 |    24 ||    71
